TOP OF THE 1ST |
Greenville Drive batting - Pitching for Beloit Snappers : RHP Jaylen Walker
|
Pitching: RHP Jaylen Walker
|
|
Batting: RHB Larry Brocato
|
0-0: Ball 1-0: Ball 2-0: Called Strike 2-1: SINGLE (Groundball, 6MD, EV 104.4 MPH)
|
Batting: LHB Sergio Tinoco
|
0-0: Ball Larry Brocato is caught stealing 2nd base 2-6 1-0: Swinging Strike 1-1: Fly out, F7 (Flyball, 7LS, EV 95.6 MPH)
|
Batting: RHB Dan Friess
|
0-0: Ground out 4-3 (Groundball, 4MD, EV 101.3 MPH)
|
Top of the 1st over - 0 runs, 1 hit, 0 errors, 0 left on base; Greenville 0 - Beloit 0 |
BOTTOM OF THE 1ST |
Beloit Snappers batting - Pitching for Greenville Drive : RHP Guillermo de Leon
|
Pitching: RHP Guillermo de Leon
|
|
Batting: RHB Willie de los Santos
|
0-0: Ground out 5-3 (Groundball, 56, EV 84.4 MPH)
|
Batting: RHB Dan Boylan
|
0-0: Ground out 3-1 (Groundball, 13, EV 85.0 MPH)
|
Batting: RHB Diwan Abdul-Salam
|
0-0: Swinging Strike 0-1: Ground out 5-3 (Groundball, 5S, EV 66.3 MPH)
|
Bottom of the 1st over - 0 runs, 0 hits, 0 errors, 0 left on base; Greenville 0 - Beloit 0 |
TOP OF THE 2ND |
Greenville Drive batting - Pitching for Beloit Snappers : RHP Jaylen Walker
|
Batting: RHB Devon Fourcade
|
0-0: Ball 1-0: Ground out 6-3 (Groundball, 6M, EV 103.8 MPH)
|
Batting: RHB David Clark
|
0-0: Ball 1-0: Ball 2-0: Ground out 5-3 (Groundball, 56S, EV 87.5 MPH)
|
Batting: RHB Adugna Chandu
|
0-0: Ball 1-0: Called Strike 1-1: Foul Ball, location: 2F 1-2: Ball 2-2: Ground out 5-3 (Groundball, 56S, EV 85.6 MPH)
|
Top of the 2nd over - 0 runs, 0 hits, 0 errors, 0 left on base; Greenville 0 - Beloit 0 |
BOTTOM OF THE 2ND |
Beloit Snappers batting - Pitching for Greenville Drive : RHP Guillermo de Leon
|
Batting: RHB Scott Wiggs
|
0-0: Ball 1-0: Swinging Strike 1-1: Called Strike 1-2: Foul Ball, location: 2F 1-2: Strikes out swinging
|
Batting: RHB Manny Vizzerra
|
0-0: Ball 1-0: Ball 2-0: Foul Ball, location: 2F 2-1: TRIPLE (Line Drive, 9D, EV 100.0 MPH)
|
Batting: RHB Kyle Waters
|
0-0: Called Strike 0-1: Foul Ball, location: 2F 0-2: Ball 1-2: Ball 2-2: Strikes out swinging
|
Batting: LHB Raita Inouye
|
0-0: Ball 1-0: Foul Ball, location: 2F 1-1: Ball 2-1: Swinging Strike 2-2: Foul Ball, location: 2F 2-2: Foul Ball, location: 2F 2-2: Ground out 5-3 (Groundball, 56, EV 105.0 MPH)
|
Bottom of the 2nd over - 0 runs, 1 hit, 0 errors, 1 left on base; Greenville 0 - Beloit 0 |
TOP OF THE 3RD |
Greenville Drive batting - Pitching for Beloit Snappers : RHP Jaylen Walker
|
Batting: RHB Paul Long
|
0-0: Foul Ball, location: 2F 0-1: Swinging Strike 0-2: Strikes out swinging
|
Batting: RHB Dan Sorrow
|
0-0: Called Strike 0-1: Ball 1-1: Swinging Strike 1-2: Ball 2-2: Ball 3-2: Strikes out swinging
|
Batting: RHB Erik Nunez
|
0-0: Ground out 6-3 (Groundball, 6MD, EV 106.9 MPH)
|
Top of the 3rd over - 0 runs, 0 hits, 0 errors, 0 left on base; Greenville 0 - Beloit 0 |
BOTTOM OF THE 3RD |
Beloit Snappers batting - Pitching for Greenville Drive : RHP Guillermo de Leon
|
Batting: RHB Travis Lanctot
|
0-0: Ball 1-0: Foul Ball, location: 2F 1-1: Fly out, F5 (Flyball, 5D, EV 90.6 MPH)
|
Batting: RHB Jim Conrad
|
0-0: Ball 1-0: Called Strike 1-1: Called Strike 1-2: Strikes out swinging
|
Batting: RHB Willie de los Santos
|
0-0: Ball 1-0: Swinging Strike 1-1: Ball 2-1: Foul Ball, location: 2F 2-2: Foul Ball, location: 2F 2-2: Ground out 5-3 (Groundball, 56, EV 107.5 MPH)
|
Bottom of the 3rd over - 0 runs, 0 hits, 0 errors, 0 left on base; Greenville 0 - Beloit 0 |
TOP OF THE 4TH |
Greenville Drive batting - Pitching for Beloit Snappers : RHP Jaylen Walker
|
Pitching: RHP Steve Friesner
|
|
Batting: RHB Larry Brocato
|
0-0: Called Strike 0-1: Swinging Strike 0-2: Strikes out looking
|
Batting: LHB Sergio Tinoco
|
0-0: Ball 1-0: Ball 2-0: Called Strike 2-1: Swinging Strike 2-2: Foul Ball, location: 2F 2-2: Strikes out swinging
|
Batting: RHB Dan Friess
|
0-0: Called Strike 0-1: Ball 1-1: Swinging Strike 1-2: Strikes out looking
|
Top of the 4th over - 0 runs, 0 hits, 0 errors, 0 left on base; Greenville 0 - Beloit 0 |
BOTTOM OF THE 4TH |
Beloit Snappers batting - Pitching for Greenville Drive : RHP Guillermo de Leon
|
Batting: RHB Dan Boylan
|
0-0: Ball 1-0: Ball 2-0: Foul Ball, location: 2F 2-1: Ball 3-1: Foul Ball, location: 2F 3-2: Base on Balls
|
Batting: RHB Diwan Abdul-Salam
|
0-0: Ball 1-0: Called Strike 1-1: Ball 2-1: Swinging Strike 2-2: Ball 3-2: Strikes out swinging
|
Batting: RHB Scott Wiggs
|
0-0: Ball 1-0: Ball 2-0: Called Strike 2-1: Called Strike 2-2: Ball 3-2: Grounds into double play, 6-4-3 (Groundball, 6, EV 85.6 MPH)
|
Bottom of the 4th over - 0 runs, 0 hits, 0 errors, 0 left on base; Greenville 0 - Beloit 0 |
TOP OF THE 5TH |
Greenville Drive batting - Pitching for Beloit Snappers : RHP Steve Friesner
|
Batting: RHB Devon Fourcade
|
0-0: Foul Ball, location: 2F 0-1: Ball 1-1: Foul Ball, location: 2F 1-2: SINGLE (Groundball, 6MD, EV 103.1 MPH)
|
Batting: RHB David Clark
|
0-0: Ball 1-0: Called Strike 1-1: Foul Ball, location: 2F 1-2: Strikes out swinging
|
Batting: RHB Adugna Chandu
|
0-0: Grounds into double play, 6-4-3 (Groundball, 6, EV 95.0 MPH)
|
Top of the 5th over - 0 runs, 1 hit, 0 errors, 0 left on base; Greenville 0 - Beloit 0 |
BOTTOM OF THE 5TH |
Beloit Snappers batting - Pitching for Greenville Drive : RHP Guillermo de Leon
|
Batting: RHB Manny Vizzerra
|
0-0: Called Strike 0-1: Ball 1-1: Fly out, F9 (Flyball, 9, EV 88.8 MPH)
|
Batting: RHB Kyle Waters
|
0-0: Foul Ball, location: 2F 0-1: Ball 1-1: Ground out 5-3 (Groundball, 56, EV 110.6 MPH)
|
Batting: LHB Raita Inouye
|
0-0: Called Strike 0-1: Foul Ball, location: 2F 0-2: Strikes out swinging
|
Bottom of the 5th over - 0 runs, 0 hits, 0 errors, 0 left on base; Greenville 0 - Beloit 0 |
TOP OF THE 6TH |
Greenville Drive batting - Pitching for Beloit Snappers : RHP Steve Friesner
|
Batting: RHB Paul Long
|
0-0: Ball 1-0: Ball 2-0: Foul Ball, location: 2F 2-1: Ground out 4-3 (Groundball, 4, EV 83.8 MPH)
|
Batting: RHB Dan Sorrow
|
0-0: Ball 1-0: Called Strike 1-1: Ball 2-1: Called Strike 2-2: Ball 3-2: Ground out 4-3 (Groundball, 4, EV 100.6 MPH)
|
Batting: RHB Erik Nunez
|
0-0: Swinging Strike 0-1: Fly out, F6 (Line Drive, 6, EV 65.6 MPH)
|
Top of the 6th over - 0 runs, 0 hits, 0 errors, 0 left on base; Greenville 0 - Beloit 0 |
BOTTOM OF THE 6TH |
Beloit Snappers batting - Pitching for Greenville Drive : RHP Guillermo de Leon
|
Batting: RHB Travis Lanctot
|
0-0: Ball 1-0: Fly out, F7 (Flyball, 7S, EV 81.3 MPH)
|
Batting: RHB Jim Conrad
|
0-0: Called Strike 0-1: Ball 1-1: Ball 2-1: Ball 3-1: Called Strike 3-2: Ground out 5-3 (Groundball, 56, EV 105.0 MPH)
|
Batting: RHB Willie de los Santos
|
0-0: Ball 1-0: Ball 2-0: Foul Ball, location: 2F 2-1: Foul Ball, location: 2F 2-2: Ball 3-2: Foul Ball, location: 2F 3-2: SINGLE (Groundball, 6MD, EV 101.3 MPH)
|
Batting: RHB Dan Boylan
|
0-0: Ball 1-0: Called Strike 1-1: Ball 2-1: Ball 3-1: Foul Ball, location: 2F 3-2: Ground out 5-3 (Groundball, 5L, EV 102.5 MPH)
|
Bottom of the 6th over - 0 runs, 1 hit, 0 errors, 1 left on base; Greenville 0 - Beloit 0 |
TOP OF THE 7TH |
Greenville Drive batting - Pitching for Beloit Snappers : RHP Steve Friesner
|
Pitching: RHP Andrew Douglas
|
|
Batting: RHB Larry Brocato
|
0-0: Ball 1-0: Ball 2-0: Ball 3-0: Base on Balls
|
Batting: LHB Sergio Tinoco
|
0-0: Called Strike Larry Brocato steals 2nd base 0-1: Called Strike 0-2: Ground out 4-3 (Groundball, 4, EV 101.3 MPH) Larry Brocato to third
|
Batting: RHB Dan Friess
|
0-0: Ball 1-0: Ball 2-0: Called Strike 2-1: Foul Ball, location: 2F 2-2: SINGLE (Flyball, 7S, EV 90.0 MPH) Larry Brocato scores
|
Batting: RHB Devon Fourcade
|
0-0: Called Strike 0-1: Foul Ball, location: 2F 0-2: Ball 1-2: Foul Ball, location: 2F 1-2: Strikes out looking
|
Batting: RHB David Clark
|
0-0: Ground out 4-3 (Groundball, 4, EV 89.4 MPH)
|
Top of the 7th over - 1 run, 1 hit, 0 errors, 1 left on base; Greenville 1 - Beloit 0 |
BOTTOM OF THE 7TH |
Beloit Snappers batting - Pitching for Greenville Drive : RHP Guillermo de Leon
|
Batting: RHB Diwan Abdul-Salam
|
0-0: Ball 1-0: Fly out, F4 (Flyball, 34D, EV 78.8 MPH)
|
Pinch Hitting: LHB Nick Pacheco
|
0-0: Swinging Strike 0-1: Foul Ball, location: 2F 0-2: Ground out 6-3 (Groundball, 6S, EV 86.3 MPH)
|
Batting: LHB Tom Raupp
|
0-0: Called Strike 0-1: Foul Ball, location: 2F 0-2: Strikes out swinging, 2-3 out at first.
|
Bottom of the 7th over - 0 runs, 0 hits, 0 errors, 0 left on base; Greenville 1 - Beloit 0 |
TOP OF THE 8TH |
Greenville Drive batting - Pitching for Beloit Snappers : RHP Andrew Douglas
|
Now in LF: D.J. Codd
|
|
Batting: RHB Adugna Chandu
|
0-0: Ball 1-0: Called Strike 1-1: Ball 2-1: Called Strike 2-2: Ball 3-2: Foul Ball, location: 2F 3-2: Base on Balls
|
Batting: RHB Paul Long
|
0-0: Ball 1-0: SINGLE (Line Drive, 9LM, EV 105.6 MPH) Adugna Chandu to second
|
Batting: RHB Dan Sorrow
|
0-0: Ball 1-0: Bunt missed! 1-1: Bunt missed! 1-2: Ground out 5-3 (Groundball, 6S, EV 67.5 MPH) Adugna Chandu to third Paul Long to second
|
Batting: RHB Erik Nunez
|
0-0: Ball 1-0: Called Strike 1-1: Foul Ball, location: 2F 1-2: Foul Ball, location: 2F 1-2: Ball 2-2: SINGLE (Groundball, 4M, EV 110.6 MPH) Adugna Chandu scores Paul Long to third Runner from 3rd tries for Home, SAFE, throw by CF to home
|
Pitching: RHP Etsuji Kawasaki
|
|
Batting: RHB Larry Brocato
|
0-0: Swinging Strike 0-1: Ball 1-1: Ground out 3-1 (Groundball, 13, EV 91.9 MPH) Erik Nunez to second
|
Batting: LHB Sergio Tinoco
|
0-0: Called Strike 0-1: Ball 1-1: Swinging Strike 1-2: Strikes out swinging
|
Top of the 8th over - 2 runs, 2 hits, 0 errors, 1 left on base; Greenville 3 - Beloit 0 |
BOTTOM OF THE 8TH |
Beloit Snappers batting - Pitching for Greenville Drive : RHP Guillermo de Leon
|
Batting: RHB Kyle Waters
|
0-0: Ground out 5-3 (Groundball, 56, EV 95.0 MPH)
|
Batting: LHB Raita Inouye
|
0-0: SINGLE (Groundball, 6D, EV 103.8 MPH)
|
Batting: RHB Travis Lanctot
|
0-0: Ball 1-0: Called Strike 1-1: Ball 2-1: Fly out, F9 (Flyball, 9D, EV 93.8 MPH)
|
Batting: RHB Jim Conrad
|
0-0: DOUBLE (Line Drive, 89D, EV 105.6 MPH) Raita Inouye to third Runner from 3rd tries for Home, SAFE, no throw by RF
|
Pitching: RHP Cameron Williams
|
|
Batting: RHB Willie de los Santos
|
0-0: Called Strike 0-1: Called Strike 0-2: Foul Ball, location: 2F 0-2: Ball 1-2: Strikes out swinging
|
Bottom of the 8th over - 1 run, 2 hits, 0 errors, 1 left on base; Greenville 3 - Beloit 1 |
TOP OF THE 9TH |
Greenville Drive batting - Pitching for Beloit Snappers : RHP Etsuji Kawasaki
|
Batting: RHB Dan Friess
|
0-0: Called Strike 0-1: Ball 1-1: Ball 2-1: Ground out 6-3 (Groundball, 6, EV 100.6 MPH)
|
Batting: RHB Devon Fourcade
|
0-0: Ground out 6-3 (Groundball, 6, EV 103.8 MPH)
|
Batting: RHB David Clark
|
0-0: Ball 1-0: Called Strike 1-1: Foul Ball, location: 2F 1-2: TRIPLE (Flyball, 89XD, EV 100.6 MPH)
|
Batting: RHB Adugna Chandu
|
0-0: Fly out, F8 (Flyball, 89D, EV 101.9 MPH)
|
Top of the 9th over - 0 runs, 1 hit, 0 errors, 1 left on base; Greenville 3 - Beloit 1 |
BOTTOM OF THE 9TH |
Beloit Snappers batting - Pitching for Greenville Drive : RHP Cameron Williams
|
Batting: RHB Dan Boylan
|
0-0: Ground out 5-3 (Groundball, 56, EV 86.3 MPH)
|
Batting: RHB Diwan Abdul-Salam
|
0-0: Called Strike 0-1: Foul Ball, location: 2F 0-2: Ball 1-2: Ground out 5-3 (Groundball, 56S, EV 62.5 MPH)
|
Batting: SHB D.J. Codd
|
0-0: Ball 1-0: Ball 2-0: Fly out, F8 (Flyball, 8RXD, EV 88.1 MPH)
|
Bottom of the 9th over - 0 runs, 0 hits, 0 errors, 0 left on base; Greenville 3 - Beloit 1 |
|